 Dungeon Crawl Stone Soup version 0.29.1-15-g9cfb28693d (webtiles) character file.

Game seed: 3850701755155294898

2352 Barneous the Sneak (level 9, -6/60 HPs)
             Began as an Octopode Wanderer on Mar 23, 2023.
             Was a Follower of Sif Muna.
             Killed from afar by an electric eel (10 damage)
             ... with a bolt of electricity
             ... on level 7 of the Dungeon.
             The game lasted 00:23:16 (8487 turns).

Barneous the Sneak (Octopode Wanderer)              Turns: 8487, Time: 00:23:17

Health: -6/60      AC:  2    Str: 15 (16) XL:     9   Next: 43%
Magic:  13/13      EV: 14    Int: 21      God:    Sif Muna [*.....]
Gold:   298        SH:  0    Dex: 13 (14) Spells: 12/14 levels left

rFire   . . .      SeeInvis .   u - +6 shillelagh "Devastator" {shatter}
rCold   + . .      Faith    .   (no shield)
rNeg    . . .      Spirit   .   c - +1 hat
rPois   +          Reflect  .   (no amulet)
rElec   .          Harm     .   g - ring of Bulul {rPois Will+ Int+6}
rCorr   +          Rampage  .   h - ring "Wourghedwatt" {rPois rC+ rCorr Str+6}
Will    +....                   (no ring)
Stlth   +++++.....              (no ring)
HPRegen 0.20/turn               (no ring)
MPRegen 0.13/turn               (no ring)
                                (no ring)
                                (no ring)

@: hasted, very quick
A: almost no armour, amphibious, 8 rings, camouflage 1, gelatinous body 1,
(nimble swimmer 1), tentacles, deterioration 1, robust 1, weak 1
a: Renounce Religion, Channel Magic


You were on level 7 of the Dungeon.
You worshipped Sif Muna.
Sif Muna was aware of your devotion.
You visited 2 branches of the dungeon, and saw 8 of its levels.
You also visited: Sewer.

You collected 298 gold pieces.

Inventory:

Hand Weapons
 d - a +5 short sword
 e - the +6 hand axe "Konaohunn" {vorpal, rN+ Will+}
   (You found it on level 2 of the Dungeon)

   It inflicts extra damage upon your enemies.
   rN:        It protects you from negative energy.
   Will:      It increases your willpower.
 u - the +6 shillelagh "Devastator" (weapon) {shatter}
   (You found it on level 4 of the Dungeon)

   It releases a powerful concussive burst when it strikes, dealing extra damage
   to the target and all other foes adjacent to them.
Armour
 c - a +1 hat (worn)
Jewellery
 g - the ring of Bulul (left tentacle) {rPois Will+ Int+6}
   (You acquired it on level 5 of the Dungeon)

   [ring of intelligence]

   Int:       It affects your intelligence (+6).
   rPois:     It protects you from poison.
   Will:      It increases your willpower.
 h - the ring "Wourghedwatt" (right tentacle) {rPois rC+ rCorr Str+6}
   (You acquired it on level 6 of the Dungeon)

   [ring of strength]

   Str:       It affects your strength (+6).
   rC:        It protects you from cold.
   rPois:     It protects you from poison.
   rCorr:     It protects you from acid and corrosion.
Wands
 a - a wand of iceblast (9)
 b - a wand of polymorph (16)
 v - a wand of acid (10)
Scrolls
 f - a scroll of blinking
 i - 2 scrolls of summoning
 j - a scroll of poison
 k - a scroll of amnesia
 q - a scroll of identify
 r - a scroll of enchant armour
 s - 5 scrolls of teleportation
Potions
 l - 5 potions of brilliance
 m - 3 potions of magic
 n - 2 potions of might
 o - 3 potions of cancellation
 p - a potion of haste


   Skills:
 + Level 2.5 Fighting
 - Level 4.4(5.0) Axes
 * Level 3.3(4.7) Maces & Flails
 + Level 2.3(3.2) Staves
 + Level 1.0 Throwing
 * Level 3.9 Dodging
 * Level 7.9 Stealth
 * Level 3.6 Unarmed Combat
 * Level 3.2 Spellcasting
 * Level 2.3 Conjurations
 * Level 2.1 Air Magic
 * Level 3.4 Invocations
 * Level 4.8 Evocations


You had 12 spell levels left.
You knew the following spells:

 Your Spells              Type           Power      Damage    Failure   Level
a - Static Discharge      Conj/Air       12%        3-5/arc   8%          2

Your spell library contained the following spells:

 Spells                   Type           Power      Damage    Failure   Level
 Swiftness                Air            12%        N/A       16%         3
 Ensorcelled Hibernation  Hex/Ice        6%         N/A       21%         2
 Passwall                 Tmut/Erth      2%         N/A       21%         2
 Mephitic Cloud           Conj/Pois/Air  9%         N/A       22%         3
 Stone Arrow              Conj/Erth      16%        3d8       24%         3
 Ignite Poison            Fire/Tmut/Pois 3%         N/A       36%         3
 Ozocubu's Armour         Ice            3%         N/A       36%         3
 Sticky Flame             Conj/Fire      8%         2d3       61%         4
 Dispel Undead            Necr           3%         3d7       78%         4
 Freezing Cloud           Conj/Ice/Air   4%         6-21      89%         5
 Metabolic Englaciation   Hex/Ice        1%         N/A       98%         5
 Simulacrum               Ice/Necr       1%         N/A       100%        6
 Lehudib's Crystal Spear  Conj/Erth      4%         10d3      100%        8
 Animate Armour           Summ/Erth      Unusable   N/A       N/A         4

Dungeon Overview and Level Annotations

Branches:
Dungeon (7/15)             Temple (1/1) D:5           Sewer (visited)

Altars:
Ashenzari
Cheibriados
Dithmenos
Elyvilon
Fedhas
Hepliaklqana
Kikubaaqudgha
Okawaru
Qazlal
Ru
Sif Muna
Trog
Uskayaw
Vehumet
Wu Jian
Xom
Yredelemnul
The Shining One

Shops:
D:2 [   D:6 [!:


Innate Abilities, Weirdness & Mutations

You cannot wear most types of armour.
You are amphibious.
You can wear up to eight rings at the same time.
Your skin changes colour to match your surroundings (Stealth+).
Your rubbery body absorbs attacks. (AC +1, EV +1)
((You are camouflaged when in or above water. (Stealth+)))
You have tentacles for arms and can constrict up to eight enemies at once.
Your body sometimes deteriorates upon taking damage.
You are robust. (+10% HP)
You are weak. (Str -2)


Message History

You hit the orc warrior but do no damage.
The orc warrior is moderately wounded.
You constrict the orc warrior. You completely miss the orc warrior.
The orc warrior is moderately wounded.
You constrict the orc warrior.
The orc warrior hits you with a +1 flail of venom!
The orc priest looks braver for a moment.
Something hits the plant.
You barely miss the orc warrior. You squeeze the orc warrior.
The orc warrior is severely wounded.
You constrict the orc warrior.
A nearby plant withers and dies.
The electric eel shoots out a bolt of lightning at you!
The bolt of electricity hits you.
The bolt of electricity hits the plant!
The plant begins to die.
The orc warrior hits you with a +1 flail of venom!
* * * LOW HITPOINT WARNING * * *
You feel better.
You constrict the orc warrior, but do no damage.
The electric eel shoots out a bolt of lightning at you!
The bolt of electricity hits you!
* * * LOW HITPOINT WARNING * * *
Your body deteriorates!
You feel weakened.
The bolt of electricity hits the plant!
The orc warrior struggles to escape constriction.
You hit the orc warrior.
The orc warrior and the electric eel shudder.
You kill the orc warrior!
Sif Muna accepts your kill.
The electric eel is severely wounded.
Sif Muna accepts your kill.
Reactivating autopickup.
You feel a bit more experienced.
A nearby plant withers and dies.
The electric eel shoots out a bolt of lightning at you!
The bolt of electricity hits you!
* * * LOW HITPOINT WARNING * * *
Your body deteriorates!
You feel clumsy. The bolt of electricity hits you!
You die...

#.. #PP≈.≈PP..#
..####P#≈.≈#...
......P≈.≈...
..#...≈.≈..#
#.#.P#≈.≈#P#
##.#.P.≈.≈..#.#
###.###....PP≈)≈o.$.#
............#≈@S#.#.#
##...##..#.P.≈)≈.....#
.........#..P≈.≈.....#
##...##.##.##≈.≈#....#
##. #<##.##≈.≈##.... #
#.####≈≈.≈≈##.## #.#
≈...≈≈#.# #.# ≈⌠._.⌠≈#
# ... ≈≈...≈≈#


You could see an electric eel and an orc priest.

Vanquished Creatures
  2 orc warriors
  An ice beast (D:5)
  3 black bears
  3 ogres (D:4)
  A centaur (D:6)
  A phantom (D:6)
  2 kobold brigands
  Blork the orc (D:5)
  2 necrophages
  A scorpion (D:5)
  8 hounds
  A jelly (D:5)
  An orc priest (D:6)
  2 gnoll boudas
  Jessica (D:2)
  Ijyb (D:5)
  Terence (D:2)
  3 iguanas
  5 orc wizards
  5 gnolls (D:6)
  15 adders
  6 river rats (Sewer)
  2 white imps
  2 ufetubi
  2 worms
  A dart slug (D:2)
  12 orcs
  3 bats (D:1)
  7 endoplasms
  3 giant cockroaches
  4 goblins (D:1)
  7 hobgoblins
  5 jackals
  6 quokkas
  7 ball pythons
  2 frilled lizards (D:1)
  27 kobolds
  22 rats
178 creatures vanquished.

Vanquished Creatures (others)
  6 plants
6 creatures vanquished.

Grand Total: 184 creatures vanquished

Notes
Turn   | Place    | Note
-------+----------+-------------------------------------------
     0 | D:1      | Barneous the Octopode Wanderer began the quest for the Orb.
     0 | D:1      | Barneous set off with the following items: a +0
                  | quarterstaff, a wand of polymorph (16), a +0 hat, a potion
                  | of curing.
     0 | D:1      | Reached XP level 1. HP: 13/13 MP: 2/2
    32 | D:1      | You fall into a shaft and drop 1 floor!
    46 | D:2      | Identified the +6 hand axe "Konaohunn" {vorpal, rN+ Will+}
   183 | D:2      | Noticed Jessica
   187 | D:2      | Reached XP level 2. HP: 17/18 MP: 3/3
   188 | D:2      | Killed Jessica
   189 | D:2      | Reached skill level 1 in Stealth
   189 | D:2      | Reached XP level 3. HP: 22/23 MP: 4/4
   249 | D:2      | Found Tockir's Armour Boutique.
   538 | D:2      | Reached skill level 1 in Unarmed Combat
   635 | D:2      | Noticed Terence
   651 | D:2      | Killed Terence
   652 | D:2      | Reached skill level 1 in Axes
   652 | D:2      | Reached skill level 1 in Spellcasting
   652 | D:2      | Reached XP level 4. HP: 15/28 MP: 5/5
  1726 | D:1      | Found a faded altar of an unknown god.
  2367 | D:3      | Reached skill level 2 in Stealth
  2563 | D:3      | Reached XP level 5. HP: 33/33 MP: 6/6
  2634 | D:3      | Found a glowing drain.
  2644 | Sewer    | Entered a sewer
  2886 | Sewer    | Reached skill level 3 in Stealth
  3217 | Sewer    | Reached XP level 6. HP: 31/38 MP: 7/7
  3408 | Sewer    | Reached skill level 4 in Stealth
  4583 | D:4      | Found the +6 shillelagh "Devastator" {shatter}
  4592 | D:4      | Reached XP level 7. HP: 5/43 MP: 9/9
  5002 | D:4      | Reached skill level 5 in Stealth
  5474 | D:4      | Learned a level 2 spell: Static Discharge
  5670 | D:5      | Entered Level 5 of the Dungeon
  5798 | D:5      | Found a staircase to the Ecumenical Temple.
  5807 | Temple   | Entered the Ecumenical Temple
  5907 | Temple   | Became a worshipper of Sif Muna the Loreminder
  6226 | D:5      | Noticed Blork the orc
  6234 | D:5      | Killed Blork the orc
  6235 | D:5      | Reached XP level 8. HP: 38/48 MP: 11/11
  6366 | D:5      | Noticed Ijyb
  6371 | D:5      | Killed Ijyb
  6372 | D:5      | Reached skill level 6 in Stealth
  6451 | D:5      | Found an iron altar of Okawaru.
  6453 | D:5      | Found an ancient bone altar of Kikubaaqudgha.
  6453 | D:5      | Found a hazy altar of Hepliaklqana.
  6610 | D:5      | Found a blossoming altar of Fedhas.
  6639 | D:5      | Reached skill level 1 in Maces & Flails
  6639 | D:5      | Reached skill level 1 in Conjurations
  6640 | D:5      | Reached skill level 1 in Air Magic
  6652 | D:5      | Gained mutation: Your body sometimes deteriorates upon
                  | taking damage. [potion of mutation]
  6652 | D:5      | Gained mutation: You are weak. (Str -2) [potion of
                  | mutation]
  6652 | D:5      | Gained mutation: You are robust. (+10% HP) [potion of
                  | mutation]
  6866 | D:5      | Reached skill level 7 in Stealth
  6889 | D:5      | Reached * piety under Sif Muna
  6946 | D:5      | Identified a scroll of acquirement
  6946 | D:5      | Acquired the ring of Bulul {rPois Will+ Int+6}
  7364 | D:6      | Acquired the ring "Wourghedwatt" {rPois rC+ rCorr Str+6}
  7442 | D:6      | Found Guhaps's Armour Shoppe.
  7449 | D:6      | Reached XP level 9. HP: 42/59 MP: 13/13
  7850 | D:6      | Found Veff's Book Shop.
  8127 | D:6      | Found Wokayx's Distillery.
  8477 | D:7      | Found a white marble altar of Elyvilon.
  8487 | D:7      | Killed from afar by an electric eel

Illustrated notes

Levels and vault maps discovered:
D:1:      tarquinn_simple_flora_water_e, layout_loops_corners,
          dreamdust_ecumenical_altar_statues, chequers_serial_rivers_large_a,
          serial_bayou_pond_c, minmay_tree_intersection
D:2:      layout_loops_corners, serial_shops, shop, serial_forest,
          infiniplex_forest_straight_3, infiniplex_forest_end_double,
          infiniplex_forest_lined_corner, infiniplex_forest_straight_2,
          infiniplex_forest_end_1, infiniplex_forest_end_1, uniq_jessica,
          uniq_terence
D:3:      layout_basic, portal_sewer_entry_d
D:4:      layout_gridville, hangedman_feature_mirror,
          dilly_guarded_unrand_devastator
D:5:      cheibrodos_barr_body, layout_basic, grunt_temple_overflow_open,
          minmay_temple_entry_poolview, uniq_ijyb, uniq_blork_the_orc
D:6:      layout_gridville, serial_shops, kennysheep_little_box,
          nicolae_shop_hallway_plus, nicolae_shop_waterfront
D:7:      layout_loops_ring, mainiacjoe_overflow_small_starburst,
          nicolae_elyvilon_temple_path, zin_treasury
Temple:   oiseaux_autumnal_temple

Skill      XL: |  1  2  3  4  5  6  7  8  9 |
---------------+----------------------------+-----
Stealth        | 1 2 3 4 5 7 |  7.9
Unarmed Combat | 1 2 3 |  3.6
Axes           | 1 2 3 4 |  4.4
Spellcasting   | 1 2 3 |  3.2
Evocations     | 4 |  4.8
Dodging        | 2 3 |  3.9
Maces & Flails | 2 3 |  3.3
Conjurations   | 1 2 |  2.3
Air Magic      | 1 2 |  2.1
Fighting       | 2 |  2.5
Invocations    | 3 |  3.4
Staves         | |  2.3
Throwing       | |  1.0

Action                   |  1- 3 |  4- 6 |  7- 9 || total
-------------------------+-------+-------+-------++-------
Melee: Hand axe          |    23 |   131 |    31 ||   185
       Constrict         |     5 |    26 |    26 ||    57
       Tentacles         |     4 |    17 |    18 ||    39
       Punch             |       |     2 |     4 ||     6
       Shillelagh        |       |       |    92 ||    92
Evoke: Wand              |       |       |     5 ||     5
  Use: Scroll            |     1 |     8 |    10 ||    19
       Potion            |     1 |     3 |     9 ||    13
 Stab: Sleeping          |     1 |    19 |    15 ||    35
Armor: Skin              |     1 |     8 |     7 ||    16
Dodge: Dodged            |    13 |    94 |    73 ||   180
